cohdb
Replays
Latest Replays
All Replays
Popular Replays
Top Player Replays
Match Explorer
How It Works
Community
CoH3 Stats
Reddit
Sign in to upload your games and track your stats! →
Sign in with Steam
Match 42239319
Unlisted
Match 42239319
Overview
Messages
Build Orders
End
Construct Barracks
Scout Squad
1⁄4-ton 4x4 Truck
Riflemen Squad
Riflemen Squad
Riflemen Squad
Construct Medical Station
Selects Advanced Infantry Battlegroup
Selects Convert to Ranger Squad
Convert to Ranger Squad
Infantry Support Center
Construct Motor Pool
Selects Ammunition Storage
M8 Greyhound Armored Car
Convert to Ranger Squad
Selects Designate Assault Position
Demolitions Package
Selects Ranger Weapon Training
Riflemen Squad
M1 Anti-tank Gun Team
Engineer Squad
Designate Assault Position
Survival Training
Convert to Ranger Squad
Designate Assault Position
Haribo_Sneakers
Insomniac
Anti-Anime
serwerty
0
0
Comments
sign in to comment!
No comments posted yet!